Unix NetHack Version 3.7.0-82 Work-in-progress - last build Apr 17 2023 03:07:26 (e853d47aa369caa3f400cfc56ad4c4ae4a18b75a,branch:master). Game began 2023-04-18 20:27:51, ended 2023-04-19 20:20:31. tromix, neutral female human Ranger ------------- ------------ ---------- |...........| |...........###0 .........| |..........%-# +..........|# |0.......| |...........|#%# |...........####D#@#.(.......-# |...........| # -----------[ |........|# ------------- # ## #-........|# # # #----------# # # ## # #"# ## ## # ## ## # # ## # # ## ## # # # # # # # # #----------# #------ 0####### #[........|# #|.%..| f # #|........-# #|.%..| # #|........| #-.@!.| #########################|...<....| |.%..| ---------- ------ Tromix the Trailblazer St:13 Dx:13 Co:16 In:14 Wi:16 Ch:7 Neutral Dlvl:7 $:400 HP:0(54) Pw:37(37) AC:-4 Exp:8 T:6229 Burdened Blind Latest messages: Never mind. You drop 2 uncursed brown potions. You drop an uncursed clear potion. You drop a clear potion. You drop a clear potion. You drop a dark green potion. Your movements are now unencumbered. You drop an uncursed magenta potion. You drop an uncursed milky potion. You drop a blessed pink potion. You drop an uncursed purple-red potion. I - 2 uncursed brown potions. T - an uncursed clear potion. You have a little trouble lifting 2 clear potions. Continue? [ynq] (q) q You have a little trouble lifting 2 clear potions. Continue? [ynq] (q) y You have a little trouble lifting G - 2 clear potions. You have a little trouble lifting q - a dark green potion. You have a little trouble lifting d - an uncursed magenta potion. You have a little trouble lifting L - an uncursed milky potion. You have a little trouble lifting s - a blessed pink potion. You have a little trouble lifting D - an uncursed purple-red potion. Your movements are slowed slightly because of your load. There is nothing here to pick up. There are several objects here. You have a little trouble lifting n - a hard hat. You hit the kitten. The kitten misses! The kitten misses! What do you want to use or apply? [aekzF or ?*] a You are now wearing a blindfold. You can't see any more. The kitten misses! The kitten misses! The kitten turns into a red dragon! You hit the red dragon. The red dragon bites! The red dragon hits! The red dragon hits again! It explodes! You seem unaffected by it. You try to feel what is lying here on the ground. There are several objects here. The blast of fire hits you! Your boots smoulder! The blast of fire hits you! Your boots smoulder further! The blast of fire hits you! Your boots smoulder completely! You die... Do you want your possessions identified? [ynq] (y) q Inventory: Coins $ - 400 gold pieces Weapons p - 6 blessed +2 arrows c - 55 +2 arrows (in quiver) Y - 15 +0 arrows b - a +1 bow (alternate weapon; not wielded) P - a +1 dagger (weapon in hand) v - a +0 dagger x - 7 +0 daggers h - a +0 elven dagger Armor m - an uncursed +0 dwarvish iron helm (being worn) n - an uncursed +0 dwarvish iron helm R - an uncursed thoroughly burnt +0 pair of speed boots (being worn) o - an uncursed +1 dwarvish roundshield (being worn) M - an uncursed +0 cloak of invisibility j - a blessed greased +0 gray dragon scale mail (being worn) Comestibles S - an uncursed slime mold y - an uncursed carrot U - an uncursed carrot t - 2 uncursed food rations J - 3 uncursed food rations W - 2 uncursed fortune cookies u - 3 uncursed lembas wafers V - an uncursed orange O - 2 uncursed tins of soup made from leprechaun meat Scrolls X - an uncursed scroll of confuse monster Z - an uncursed scroll of confuse monster w - an uncursed scroll of earth f - an uncursed scroll of enchant armor H - a blessed scroll of enchant weapon l - 2 uncursed scrolls of identify r - a blessed scroll of light K - an uncursed scroll of taming Potions d - an uncursed potion of booze s - a blessed potion of extra healing D - an uncursed potion of gain energy q - an uncursed potion of healing L - an uncursed potion of sickness I - 2 uncursed potions of speed G - 2 uncursed potions of water T - an uncursed potion of water Rings N - an uncursed +3 ring of increase damage i - an uncursed ring of levitation Wands z - a wand of cancellation (0:5) Tools a - an uncursed blindfold (being worn) k - a can of grease (0:15) e - an uncursed lock pick F - a blessed oil lamp Gems/Stones C - an uncursed fluorite stone Q - an uncursed turquoise stone g - 4 uncursed worthless pieces of black glass B - an uncursed worthless piece of blue glass A - an uncursed worthless piece of violet glass E - 2 uncursed worthless pieces of yellowish brown glass Tromix the Ranger's attributes: Background: You were a Trailblazer, a level 8 female human Ranger. You were neutral, on a mission for Venus who was opposed by Mercury (lawful) and Mars (chaotic). You were in the Dungeons of Doom, on level 7. You entered the dungeon 6229 turns ago. There was a new moon in effect when your adventure ended. You had 1753 experience points, 807 more were needed to attain level 9. Basics: You had 0 out of 54 hit points. You had all 37 energy points (spell power). Your armor class was -4. Your wallet contained 400 zorkmids. Autopickup was off. Final Characteristics: Your strength was 13 (limit:18/100). Your dexterity was 13 (limit:18). Your constitution was 16 (limit:18). Your intelligence was 14 (limit:18). Your wisdom was 16 (peak:17, limit:18). Your charisma was 7 (limit:18). Final Status: You were deliberately blind. You were not hungry. You were burdened; movement was slightly slowed. You were wielding a dagger. You had expert skill with dagger. Final Attributes: You were piously aligned. You were magic-protected. You were poison resistant. You were telepathic. You had automatic searching. You were stealthy. You were very fast. You are dead. Miscellaneous: You disabled loading of bones levels. Total elapsed playing time was 2 hours, 3 minutes and 27 seconds. Major events: Turn 1: tromix the neutral female human Ranger entered the dungeon 1219: attained the rank of Lookout (level 3) 1726: entered the Gnomish Mines 3783: found Demonbane on the floor 3788: attained the rank of Trailblazer (level 6) 5304: made her first wish - "blessed greased +2 gray dragon scale mail", got "a greased gray dragon scale mail" 6229: killed by a blast of fire exhaled by a chameleon imitating a red dragon Vanquished creatures: 3 small mimics a tengu a leprechaun 2 giant spiders a gnome ruler a jaguar a blue jelly a dust vortex a snake a soldier ant a bugbear a quasit 3 Uruk-hai a rock piercer a rock mole 2 ponies a yellow light a shrieker 3 gnome leaders 2 gnomish wizards a gray ooze a ghoul a straw golem 6 giant ants 2 floating eyes 2 kittens 8 dwarves 2 kobold shamans 10 hill orcs 5 rothes a rabid rat 2 dwarf zombies a wererat a werejackal 8 killer bees an acid blob 5 hobbits 2 manes a large kobold 2 giant rats 2 cave spiders a brown mold a yellow mold 2 red molds 20 gnomes 8 geckos 3 jackals 2 foxes a kobold 4 goblins 2 sewer rats 14 grid bugs 4 lichens 2 kobold zombies 9 newts 166 creatures vanquished. No species were genocided or became extinct. Voluntary challenges: You read items or engraved 7 times. You never engraved Elbereth. You never genocided any monsters. You never polymorphed an object. You never changed form. You used 1 wish. You did not wish for any artifacts. Achievements: You entered a shop. You attained the rank of Lookout. You entered the Gnomish Mines. You attained the rank of Trailblazer. You entered a temple. The Dungeons of Doom: levels 1 to 7 Level 1: Level 2: A general store, some altars, a fountain. Level 3: Level 4: A scroll shop, some fountains. Stairs down to The Gnomish Mines. Level 5: A fountain. Level 6: A fountain. Level 7: <- You were here. A delicatessen. Final resting place for you, killed by a blast of fire exhaled by a chameleon imitating a red dragon. The Gnomish Mines: levels 5 to 7 Level 5: Level 6: Level 7: Many shops, a temple, some fountains. Game over: ---------- / \ / REST \ / IN \ / PEACE \ / \ | tromix | | 400 Au | | killed by a | | blast of fire | | exhaled by a | | chameleon | | 2023 | *| * * * | * _________)/\\_//(\/(/\)/\//\/|_)_______ Goodbye tromix the Ranger... You died in The Dungeons of Doom on dungeon level 7 with 7692 points, and 400 pieces of gold, after 6229 moves. You were level 8 with a maximum of 54 hit points when you died.